 Dungeon Crawl Stone Soup version 0.27-a0-1090-gb115f176c6 (webtiles) character file.

Game seed: 2668677379521696901

49 sizableburger the Chucker (level 3, -11/28 HPs)
             Began as a Mummy Hunter on Apr 28, 2021.
             Killed from afar by an orc wizard (15 damage)
             ... with a puff of flame
             ... on level 3 of the Dungeon.
             The game lasted 00:03:59 (2163 turns).

sizableburger the Chucker (Mummy Hunter)            Turns: 2163, Time: 00:04:00

Health: -11/28     AC:  5    Str: 16    XL:     3   Next: 53%
Magic:  3/3        EV: 11    Int: 10    God:
Gold:   48         SH:  0    Dex: 12    Spells: 2/2 levels left

rFire    x . .     SeeInvis .   a - +0 short sword
rCold    + . .     Faith    .   (no shield)
rNeg     + + +     Spirit   .   b - +0 leather armour
rPois    ∞         Reflect  .   (no helmet)
rElec    .         Harm     .   (no cloak)
rCorr    .         Rampage  .   (no gloves)
Will     .....                  k - +1 pair of boots
Stlth    +.........             (no amulet)
HPRegen  0.09/turn              (no ring)
MPRegen  0.08/turn              (no ring)

@: no status effects
A: cold resistance 1, negative energy resistance 3, torment resistance 2,
unbreathing 1, heat vulnerability 1, no potions
a: no special abilities


You were on level 3 of the Dungeon.
You visited 1 branch of the dungeon, and saw 3 of its levels.

You collected 48 gold pieces.

Inventory:

Hand Weapons
 a - a +0 short sword (weapon)
 h - a +0 hunting sling
Missiles
 c - 2 javelins (quivered)
 d - 2 throwing nets
 i - 17 sling bullets
 j - 43 stones
Armour
 b - a +0 leather armour (worn)
 k - a +1 pair of boots (worn)
Scrolls
 e - 2 scrolls of vulnerability {unknown}
 f - 2 scrolls of identify {unknown}
 g - a scroll of fog {unknown}


   Skills:
 + Level 2.7 Fighting
 - Level 0.8 Short Blades
 + Level 0.7(2.4) Slings
 + Level 3.7(3.8) Throwing
 - Level 1.5 Dodging
 - Level 0.7 Stealth


You had 2 spell levels left.
You didn't know any spells.
Your spell library was empty.

Dungeon Overview and Level Annotations

Branches:
Dungeon (3/15)

Altars:
Gozag


Innate Abilities, Weirdness & Mutations

You are immune to poison.
Your flesh is cold resistant. (rC+)
You are immune to negative energy. (rN+++)
You are immune to unholy pain and torment.
You can survive without breathing.
You are vulnerable to heat. (rF-)
You do not drink.


Message History

Unknown command.
You bump into the rock wall.
Something hits you. Something hits you but does no damage.
You bump into the rock wall.
You hear some strange, mumbled words.
Something tries to affect you, but you resist.
You closely miss something. Something hits you.
You bump into the rock wall.
You feel less confused. Something hits you but does no damage.
Unknown command.
You hear some strange, mumbled words.
A magic dart appears from out of thin air!
The magic dart hits you.
Throw: 6 javelins
Press: ? - help, Q - select action, (/) - cycle Shift-Dir - straight line You throw a javelin.
A magic dart appears from out of thin air!
The magic dart hits you!
* * * LOW HITPOINT WARNING * * *
Throw: 5 javelins
Press: ? - help, Q - select action, (/) - cycle Shift-Dir - straight line You throw a javelin.
Unknown command.
Throw: 4 javelins
Press: ? - help, Q - select action, (/) - cycle Shift-Dir - straight line You throw a javelin.
Something hits you.
* * * LOW HITPOINT WARNING * * *
Unknown command.
Throw: 3 javelins
Press: ? - help, Q - select action, (/) - cycle Shift-Dir - straight line You throw a javelin.
Something hits you.
* * * LOW HITPOINT WARNING * * *
You hear some strange, mumbled words.
A puff of flame appears from out of thin air!
The puff of flame hits you! The fire burns you terribly!
Ouch! That really hurt!
You die...

############## #
#........@{.(#
..#.###.#.####(#
.. #..#(....#
#.###.#.####.#
(.#(......# #.#
#....((.#.# #.#
###.#(..# ♣.♣
#.##(## #.# #
#.# ♣.♣#♣##


There were no monsters in sight!

Vanquished Creatures
  An adder (D:2)
  A dart slug (D:3)
  2 orcs (D:3)
  8 ball pythons
  2 bats (D:1)
  An endoplasm (D:2)
  2 giant cockroaches
  3 goblins (D:1)
  2 hobgoblins
  4 jackals (D:1)
  A quokka (D:1)
  6 rats
33 creatures vanquished.

Notes
Turn   | Place    | Note
-------+----------+-------------------------------------------
     0 | D:1      | sizableburger the Mummy Hunter began the quest for the Orb.
     0 | D:1      | Reached XP level 1. HP: 16/16 MP: 1/1
    25 | D:1      | Found a faded altar of an unknown god.
   594 | D:1      | Reached XP level 2. HP: 20/22 MP: 2/2
  1708 | D:2      | Reached XP level 3. HP: 25/28 MP: 3/3
  1798 | D:2      | Found an opulent altar of Gozag.
  2163 | D:3      | Killed from afar by an orc wizard

Illustrated notes

Levels and vault maps discovered:
D:1:      giann_forest_graveyard, layout_basic,
          hellmonk_ecumenical_altar_crossroads
D:2:      layout_basic, basic_altar
D:3:      layout_loops_ring, nicolae_sif_muna_condensation, serial_forest,
          infiniplex_forest_lined_room_2, infiniplex_forest_lined_3_way,
          infiniplex_forest_clump_double, infiniplex_forest_pool,
          infiniplex_forest_lined_corner, infiniplex_forest_end_double,
          infiniplex_forest_lined_4_way, infiniplex_forest_end_2,
          infiniplex_forest_straight_4

Action                   || total
-------------------------++-------
Melee: Short sword       ||    45
 Fire: Hunting sling     ||    43
Throw: Javelin           ||    15
 Stab: Sleeping          ||     2
Armor: Leather armour    ||    27
Dodge: Dodged            ||    55

Table legend: (Time is in decaauts)
 A = Elapsed time spent in this place.
 B = Non-inter-level travel time spent in this place.
 C = Inter-level travel time spent in this place.
 D = Time resting spent in this place.
 E = Time spent auto-exploring this place.
 F = Levels seen in this place.
 G = Mean time per level.
                   A        B        C        D        E       F      G
               +--------+--------+--------+--------+--------+-----+--------+
         Total |   2173 |   1893 |    280 |    140 |   1494 |   3 |  724.3 |
       Dungeon |   2173 |   1893 |    280 |    140 |   1494 |   3 |  724.3 |
               +--------+--------+--------+--------+--------+-----+--------+

Top non-repeatable levels by time:
     D:1: 1624 daAuts
     D:2: 432 daAuts
     D:3: 116 daAuts
